PAA
FT. POLK SOUTH THUNDER HAWKS @ OLYMPIA OGRES
06/24/2042
 
TOP OF THE 1ST
Ft. Polk South Thunder Hawks batting - Pitching for Olympia Ogres : RHP Emery Manhoran
Pitching: RHP Emery Manhoran
Batting: SHB Francisco Daulong 0-0: Ground out U3 (Groundball, 3, EV 101.9 MPH)
Batting: LHB Gabriel Obregón 0-0: SINGLE (Line Drive, 34, EV 104.4 MPH)
Batting: LHB Remco Mastenbroek 0-0: Ball
1-0: Swinging Strike
1-1: Called Strike
1-2: Strikes out swinging
Batting: LHB Jorge Agramunt 0-0: Ball
1-0: Called Strike
1-1: Swinging Strike
1-2: Ball
2-2: Foul Ball, location: 2F
2-2: Fly out, F9 (Flyball, 9LMF, EV 93.1 MPH)
Top of the 1st over - 0 runs, 1 hit, 0 errors, 1 left on base; Ft. Polk South 0 - Olympia 0
BOTTOM OF THE 1ST
Olympia Ogres batting - Pitching for Ft. Polk South Thunder Hawks : LHP Sixto Bustamante
Pitching: LHP Sixto Bustamante
Batting: RHB Noud Baggerman 0-0: Ball
1-0: Called Strike
1-1: Ground out 5-3 (Groundball, 5, EV 77.5 MPH)
Batting: RHB Pepe Savinon 0-0: Fly out, F6 (Popup, P, EV 80.0 MPH)
Batting: RHB Gyoo-jae Kil 0-0: Ball
1-0: Swinging Strike
1-1: Fly out, F7 (Flyball, 78M, EV 93.8 MPH)
Bottom of the 1st over - 0 runs, 0 hits, 0 errors, 0 left on base; Ft. Polk South 0 - Olympia 0
TOP OF THE 2ND
Ft. Polk South Thunder Hawks batting - Pitching for Olympia Ogres : RHP Emery Manhoran
Batting: RHB Aubrey Miller 0-0: Ball
1-0: Foul Ball, location: 2F
1-1: Swinging Strike
1-2: Ball
2-2: Ground out 6-3 (Groundball, 6, EV 105.0 MPH)
Batting: LHB Tim Carson 0-0: Foul Ball, location: 2F
0-1: Ball
1-1: Fly out, F8 (Flyball, 8RXD, EV 87.5 MPH)
Batting: RHB Dermott Mann 0-0: Ball
1-0: Called Strike
1-1: Foul Ball, location: 2F
1-2: Fly out, F3 (Popup, 3SF, EV 84.4 MPH)
Top of the 2nd over - 0 runs, 0 hits, 0 errors, 0 left on base; Ft. Polk South 0 - Olympia 0
BOTTOM OF THE 2ND
Olympia Ogres batting - Pitching for Ft. Polk South Thunder Hawks : LHP Sixto Bustamante
Batting: SHB Nathan Brannon 0-0: Ball
1-0: Fly out, F6 (Line Drive, 6, EV 68.1 MPH)
Batting: RHB Paul Stark 0-0: Ball
1-0: Foul Ball, location: 2F
1-1: Ball
2-1: Foul Ball, location: 2F
2-2: Ball
3-2: Foul Ball, location: 2F
3-2: Fly out, F8 (Line Drive, 8RM, EV 91.2 MPH)
Batting: LHB Jeffery Smith 0-0: Called Strike
0-1: Called Strike
0-2: Ball
1-2: Ball
2-2: Strikes out swinging
Bottom of the 2nd over - 0 runs, 0 hits, 0 errors, 0 left on base; Ft. Polk South 0 - Olympia 0
TOP OF THE 3RD
Ft. Polk South Thunder Hawks batting - Pitching for Olympia Ogres : RHP Emery Manhoran
Batting: RHB Raúl Colomo 0-0: Called Strike
0-1: Foul Ball, location: 2F
0-2: DOUBLE (Line Drive, 9LS, EV 106.2 MPH)
Batting: RHB Kamaaluddeen Kohli 0-0: Called Strike
0-1: Foul Ball, location: 2F
0-2: Strikes out swinging
Batting: SHB Francisco Daulong 0-0: Called Strike
0-1: Ball
1-1: Fly out, F9 (Line Drive, 9D, EV 91.2 MPH)
Batting: LHB Gabriel Obregón 0-0: Called Strike
0-1: Ball
1-1: Ball
2-1: Ball
3-1: Base on Balls
Batting: LHB Remco Mastenbroek 0-0: Called Strike
0-1: SINGLE (Line Drive, 56, EV 100.0 MPH)
Raúl Colomo to third
Gabriel Obregón to second
Runner from 3rd tries for Home, SAFE, throw by LF to home
Batting: LHB Jorge Agramunt 0-0: Ball
1-0: Called Strike
1-1: Foul Ball, location: 2F
1-2: Ball
2-2: Reached on error, E6 (Groundball, 6, EV 85.6 MPH)
Gabriel Obregón to third
Remco Mastenbroek to second
Batting: RHB Aubrey Miller 0-0: Swinging Strike
0-1: Ball
1-1: Swinging Strike
1-2: Foul Ball, location: 2F
1-2: Fly out, F9 (Flyball, 89S, EV 86.2 MPH)
Top of the 3rd over - 1 run, 2 hits, 1 error, 3 left on base; Ft. Polk South 1 - Olympia 0
BOTTOM OF THE 3RD
Olympia Ogres batting - Pitching for Ft. Polk South Thunder Hawks : LHP Sixto Bustamante
Batting: RHB Claudio Vargas 0-0: Called Strike
0-1: Ball
1-1: Swinging Strike
1-2: Ball
2-2: Ball
3-2: Foul Ball, location: 2F
3-2: Ground out 1-3 (Groundball, 15S, EV 73.8 MPH)
Batting: RHB Kunimatsu Nishimura 0-0: Ball
1-0: Called Strike
1-1: Fly out, F9 (Flyball, 9LSF, EV 84.4 MPH)
Batting: LHB Sariyah Fateen 0-0: Foul Ball, location: 2F
0-1: Called Strike
0-2: Ground out 5-3 (Groundball, 5, EV 90.0 MPH)
Bottom of the 3rd over - 0 runs, 0 hits, 0 errors, 0 left on base; Ft. Polk South 1 - Olympia 0
TOP OF THE 4TH
Ft. Polk South Thunder Hawks batting - Pitching for Olympia Ogres : RHP Emery Manhoran
Batting: LHB Tim Carson 0-0: Called Strike
0-1: Ball
1-1: Foul Ball, location: 2F
1-2: Ball
2-2: Ground out 1-3 (Groundball, 34S, EV 70.0 MPH)
Batting: RHB Dermott Mann 0-0: Called Strike
0-1: SINGLE (Flyball, 8RS, EV 91.2 MPH)
Batting: RHB Raúl Colomo 0-0: Ball
1-0: Fly out, F2 (Popup, 25F, EV 88.8 MPH)
Batting: RHB Kamaaluddeen Kohli 0-0: Ball
1-0: Foul Ball, location: 2F
1-1: Called Strike
1-2: Ball
2-2: Foul Ball, location: 2F
2-2: Ball
3-2: Foul Ball, location: 2F
3-2: Foul Ball, location: 2F
3-2: Base on Balls
Dermott Mann to second
Batting: SHB Francisco Daulong 0-0: Called Strike
0-1: Fly out, F8 (Flyball, 89D, EV 93.1 MPH)
Top of the 4th over - 0 runs, 1 hit, 0 errors, 2 left on base; Ft. Polk South 1 - Olympia 0
BOTTOM OF THE 4TH
Olympia Ogres batting - Pitching for Ft. Polk South Thunder Hawks : LHP Sixto Bustamante
Batting: RHB Noud Baggerman 0-0: Ball
1-0: Called Strike
1-1: Ground out 4-3 (Groundball, 4, EV 81.2 MPH)
Batting: RHB Pepe Savinon 0-0: Ball
1-0: Foul Ball, location: 2F
1-1: Ball
2-1: Reached on error, E2 (Groundball, 15S, EV 68.8 MPH)
Batting: RHB Gyoo-jae Kil 0-0: SINGLE (Groundball, 6D, EV 104.4 MPH)
Pepe Savinon to second
Runner from 2nd tries for 3rd, OUT! 7-5
Batting: SHB Nathan Brannon 0-0: Ball
1-0: Fly out, F8 (Flyball, 8RM, EV 95.0 MPH)
Bottom of the 4th over - 0 runs, 1 hit, 1 error, 1 left on base; Ft. Polk South 1 - Olympia 0
TOP OF THE 5TH
Ft. Polk South Thunder Hawks batting - Pitching for Olympia Ogres : RHP Emery Manhoran
Batting: LHB Gabriel Obregón 0-0: Called Strike
0-1: Ball
1-1: Ball
2-1: Foul Ball, location: 2F
2-2: SINGLE (Line Drive, 56D, EV 95.0 MPH)
Batting: LHB Remco Mastenbroek 0-0: Ball
1-0: Ball
2-0: Ball
3-0: Base on Balls
Gabriel Obregón to second
Batting: LHB Jorge Agramunt 0-0: Ball
1-0: SINGLE (Groundball, 34D, EV 100.0 MPH)
Gabriel Obregón to third
Remco Mastenbroek to second
Batting: RHB Aubrey Miller 0-0: Ball
1-0: Ball
2-0: SINGLE (Groundball, 56D, EV 102.5 MPH)
Gabriel Obregón scores
Remco Mastenbroek to third
Jorge Agramunt to second
Runner from 3rd tries for Home, SAFE, throw by LF to home
Batting: LHB Tim Carson 0-0: Swinging Strike
0-1: Ball
1-1: Swinging Strike
1-2: Ball
2-2: Foul Ball, location: 2F
2-2: Foul Ball, location: 2F
2-2: Ball
3-2: Base on Balls
Jorge Agramunt to third
Aubrey Miller to second
Batting: RHB Dermott Mann 0-0: Called Strike
0-1: Swinging Strike
0-2: Ball
1-2: Fly out, F7 (Flyball, 7, EV 86.9 MPH)
Runner from 3rd tags up, SCORES, throw by LF
Batting: RHB Raúl Colomo 0-0: Called Strike
0-1: Fielders Choice at 2nd, 4-6 (Groundball, 4, EV 80.6 MPH)
Aubrey Miller to third
Batting: RHB Kamaaluddeen Kohli 0-0: Swinging Strike
0-1: Called Strike
0-2: Foul Ball, location: 2F
0-2: Fielders Choice at 2nd, 5-4 (Groundball, 5, EV 79.4 MPH)
Top of the 5th over - 3 runs, 3 hits, 0 errors, 2 left on base; Ft. Polk South 4 - Olympia 0
BOTTOM OF THE 5TH
Olympia Ogres batting - Pitching for Ft. Polk South Thunder Hawks : LHP Sixto Bustamante
Batting: RHB Paul Stark 0-0: Foul Ball, location: 2F
0-1: Ball
1-1: Ball
2-1: Foul Ball, location: 2F
2-2: Foul Ball, location: 2F
2-2: Strikes out looking
Batting: LHB Jeffery Smith 0-0: Called Strike
0-1: Ball
1-1: Called Strike
1-2: Ground out 6-3 (Groundball, 6, EV 85.0 MPH)
Batting: RHB Claudio Vargas 0-0: Swinging Strike
0-1: Ball
1-1: Ball
2-1: Ground out 4-3 (Groundball, 4, EV 103.8 MPH)
Bottom of the 5th over - 0 runs, 0 hits, 0 errors, 0 left on base; Ft. Polk South 4 - Olympia 0
TOP OF THE 6TH
Ft. Polk South Thunder Hawks batting - Pitching for Olympia Ogres : RHP Emery Manhoran
Pitching: RHP Eugene Bell
Batting: SHB Francisco Daulong 0-0: Foul Ball, location: 2F
0-1: Foul Ball, location: 2F
0-2: SINGLE (Groundball, 4D, EV 96.9 MPH)
Batting: LHB Gabriel Obregón 0-0: Sac Bunt to 25 - play at first, batter OUT! 5-3
Francisco Daulong to second
Batting: LHB Remco Mastenbroek 0-0: Called Strike
0-1: Ball
1-1: Ball
2-1: Foul Ball, location: 2F
2-2: Ball
3-2: Foul Ball, location: 2F
3-2: Foul Ball, location: 2F
3-2: Fly out, F8 (Flyball, 8RM, EV 93.8 MPH)
Batting: LHB Jorge Agramunt 0-0: Called Strike
0-1: Foul Ball, location: 2F
0-2: Ball
1-2: Ball
2-2: 2-RUN HOME RUN (Flyball, 8RXD, EV 101.2 MPH), Distance : 434 ft
Batting: RHB Aubrey Miller 0-0: Ball
1-0: Called Strike
1-1: SOLO HOME RUN (Flyball, 78XD, EV 95.0 MPH), Distance : 374 ft
Batting: LHB Tim Carson 0-0: SINGLE (Line Drive, 34D, EV 93.8 MPH)
Batting: RHB Dermott Mann 0-0: Ball
1-0: Called Strike
1-1: Ball
2-1: SINGLE (Groundball, 34D, EV 101.9 MPH)
Tim Carson to second
Batting: RHB Raúl Colomo 0-0: Ball
1-0: Ball
2-0: Called Strike
2-1: Ball
3-1: Ground out 5-3 (Groundball, 5S, EV 83.1 MPH)
Top of the 6th over - 3 runs, 5 hits, 0 errors, 2 left on base; Ft. Polk South 7 - Olympia 0
BOTTOM OF THE 6TH
Olympia Ogres batting - Pitching for Ft. Polk South Thunder Hawks : LHP Sixto Bustamante
Batting: RHB Kunimatsu Nishimura 0-0: Foul Ball, location: 2F
0-1: Ball
1-1: Ground out 4-3 (Groundball, 4, EV 85.0 MPH)
Batting: LHB Sariyah Fateen 0-0: Called Strike
0-1: Ball
1-1: Foul Ball, location: 2F
1-2: Strikes out swinging, 2-3 out at first.
Batting: RHB Noud Baggerman 0-0: Ball
1-0: Called Strike
1-1: Ground out 5-3 (Groundball, 56S, EV 70.6 MPH)
Bottom of the 6th over - 0 runs, 0 hits, 0 errors, 0 left on base; Ft. Polk South 7 - Olympia 0
TOP OF THE 7TH
Ft. Polk South Thunder Hawks batting - Pitching for Olympia Ogres : RHP Eugene Bell
Batting: RHB Kamaaluddeen Kohli 0-0: Foul Ball, location: 2F
0-1: Called Strike
0-2: DOUBLE (Line Drive, 89D, EV 106.2 MPH)
Batting: SHB Francisco Daulong 0-0: Ball
1-0: Ball
2-0: Called Strike
2-1: Foul Ball, location: 2F
2-2: Ball
3-2: Foul Ball, location: 2F
3-2: Base on Balls
Pitching: LHP Esteban Vásquez
Batting: LHB Gabriel Obregón 0-0: Ball
1-0: Foul Ball, location: 2F
1-1: Ball
2-1: Ball
3-1: Called Strike
3-2: Foul Ball, location: 2F
3-2: SINGLE (Line Drive, 6M, EV 95.0 MPH)
Kamaaluddeen Kohli to third
Francisco Daulong to second
Batting: LHB Remco Mastenbroek 0-0: Ball
1-0: Ball
2-0: Ball
3-0: Base on Balls
Kamaaluddeen Kohli scores
Francisco Daulong to third
Gabriel Obregón to second
Batting: LHB Jorge Agramunt 0-0: Swinging Strike
0-1: Called Strike
0-2: SINGLE (Groundball, 5D, EV 100.6 MPH)
Francisco Daulong scores
Gabriel Obregón to third
Remco Mastenbroek to second
Runner from 3rd tries for Home, SAFE, no throw by LF
Pinch Hitting: RHB Martin Fish 0-0: Ball
1-0: Ball
2-0: Ball
3-0: Base on Balls
Remco Mastenbroek to third
Jorge Agramunt to second
Batting: LHB Tim Carson 0-0: Ball
1-0: Foul Ball, location: 2F
1-1: Called Strike
1-2: Ball
2-2: Foul Ball, location: 2F
2-2: Fielders Choice at 2nd, 4-6 (Groundball, 4M, EV 101.9 MPH)
Remco Mastenbroek scores
Jorge Agramunt to third
Batting: RHB Dermott Mann 0-0: Ball
1-0: Fly out, F6 (Popup, 6, EV 81.2 MPH)
Batting: RHB Raúl Colomo 0-0: Ball
1-0: Fielders Choice at 2nd, 5-4 (Groundball, 56, EV 83.8 MPH)
Top of the 7th over - 4 runs, 3 hits, 0 errors, 2 left on base; Ft. Polk South 11 - Olympia 0
BOTTOM OF THE 7TH
Olympia Ogres batting - Pitching for Ft. Polk South Thunder Hawks : LHP Sixto Bustamante
Now at 1B: Madhavacharta Bhavalakar
Pinch Hitting: LHB Jorge Mejía 0-0: Ball
1-0: Swinging Strike
1-1: Fly out, F4 (Popup, 4, EV 70.0 MPH)
Pinch Hitting: LHB Boboy Enabore 0-0: Foul Ball, location: 2F
0-1: Ball
1-1: Ball
2-1: SINGLE (Groundball, 6MS, EV 64.4 MPH) (infield hit)
Pitching: RHP Jeremy Bearimy
Batting: SHB Nathan Brannon 0-0: Ball
1-0: Called Strike
1-1: Fly out, F8 (Line Drive, 8LD, EV 86.9 MPH)
Batting: RHB Paul Stark 0-0: Called Strike
0-1: DOUBLE (Line Drive, 7LM, EV 106.9 MPH)
Boboy Enabore to third
Runner from 3rd tries for Home, SAFE, throw by LF to trailing runner, SAFE at third!
Batting: LHB Jeffery Smith 0-0: Swinging Strike
0-1: Foul Ball, location: 2F
0-2: Ball
1-2: Ball
2-2: Strikes out swinging
Bottom of the 7th over - 1 run, 2 hits, 0 errors, 1 left on base; Ft. Polk South 11 - Olympia 1
TOP OF THE 8TH
Ft. Polk South Thunder Hawks batting - Pitching for Olympia Ogres : LHP Esteban Vásquez
Now in CF: Jorge Mejía
Now in RF: Boboy Enabore
Batting: RHB Kamaaluddeen Kohli 0-0: Called Strike
0-1: Called Strike
0-2: Ground out 6-3 (Groundball, 6, EV 85.0 MPH)
Batting: SHB Francisco Daulong 0-0: Ball
1-0: Foul Ball, location: 2F
1-1: Ball
2-1: Called Strike
2-2: Foul Ball, location: 2F
2-2: Foul Ball, location: 2F
2-2: Ball
3-2: Base on Balls
Batting: LHB Gabriel Obregón 0-0: Ball
1-0: Foul Ball, location: 2F
1-1: Swinging Strike
1-2: Ball
2-2: Ball
3-2: 2-RUN HOME RUN (Flyball, 89XD, EV 99.4 MPH), Distance : 361 ft
Batting: LHB Remco Mastenbroek 0-0: Ball
1-0: Called Strike
1-1: SINGLE (Line Drive, 7S, EV 105.6 MPH)
Batting: LHB Jorge Agramunt 0-0: Ball
1-0: Foul Ball, location: 2F
1-1: Reached on error, E5 (Groundball, 5L, EV 101.9 MPH)
Remco Mastenbroek to second
Pitching: RHP Tex Owens
Batting: RHB Madhavacharta Bhavalakar 0-0: Called Strike
0-1: Foul Ball, location: 2F
0-2: Ball
1-2: Ball
2-2: Foul Ball, location: 2F
2-2: Reached on error, E4 (Groundball, 4, EV 88.1 MPH)
Remco Mastenbroek to third
Jorge Agramunt to second
Batting: LHB Tim Carson 0-0: Called Strike
0-1: Ball
1-1: Called Strike
1-2: Ball
2-2: Strikes out looking
Batting: RHB Dermott Mann 0-0: Fly out, F8 (Flyball, 89D, EV 81.2 MPH)
Top of the 8th over - 2 runs, 2 hits, 2 errors, 3 left on base; Ft. Polk South 13 - Olympia 1
BOTTOM OF THE 8TH
Olympia Ogres batting - Pitching for Ft. Polk South Thunder Hawks : RHP Jeremy Bearimy
Batting: RHB Claudio Vargas 0-0: Ball
1-0: Swinging Strike
1-1: Ball
2-1: Called Strike
2-2: Ball
3-2: Base on Balls
Batting: RHB Kunimatsu Nishimura 0-0: Ball
1-0: Foul Ball, location: 2F
1-1: Called Strike
1-2: Ball
2-2: Ball
3-2: Base on Balls
Claudio Vargas to second
Pinch Hitting: LHB David Walker 0-0: Foul Ball, location: 2F
0-1: Ball
1-1: Foul Ball, location: 2F
1-2: Fly out, F4 (Popup, 4MD, EV 61.2 MPH)
Batting: RHB Noud Baggerman 0-0: Ball
1-0: Ball
2-0: Called Strike
2-1: Ball
3-1: Base on Balls
Claudio Vargas to third
Kunimatsu Nishimura to second
Pitching: RHP Sean Kennedy
Batting: LHB Jorge Mejía 0-0: Ball
1-0: Foul Ball, location: 2F
1-1: DOUBLE (Groundball, 3L, EV 96.9 MPH)
Claudio Vargas scores
Kunimatsu Nishimura scores
Noud Baggerman to third
Batting: LHB Boboy Enabore 0-0: SINGLE (Groundball, 34D, EV 100.0 MPH)
Noud Baggerman scores
Jorge Mejía to third
Batting: SHB Nathan Brannon 0-0: Ball
1-0: Foul Ball, location: 2F
1-1: Foul Ball, location: 2F
1-2: Ball
2-2: Foul Ball, location: 2F
2-2: SINGLE (Groundball, 6MD, EV 95.6 MPH)
Jorge Mejía scores
Boboy Enabore to second
Batting: RHB Paul Stark 0-0: Ball
1-0: Called Strike
1-1: Fly out, F8 (Line Drive, 8RM, EV 99.4 MPH)
Batting: LHB Jeffery Smith 0-0: Ball
1-0: Foul Ball, location: 2F
1-1: Ball
2-1: Ball
3-1: Swinging Strike
3-2: Ground out 6-3 (Groundball, 6, EV 103.1 MPH)
Bottom of the 8th over - 4 runs, 3 hits, 0 errors, 2 left on base; Ft. Polk South 13 - Olympia 5
TOP OF THE 9TH
Ft. Polk South Thunder Hawks batting - Pitching for Olympia Ogres : RHP Tex Owens
Now at 1B: David Walker
Batting: RHB Raúl Colomo 0-0: SINGLE (Groundball, 34D, EV 98.8 MPH)
Batting: RHB Kamaaluddeen Kohli 0-0: Ball
1-0: Fly out, F9 (Flyball, 9, EV 90.6 MPH)
Batting: SHB Francisco Daulong 0-0: 2-RUN HOME RUN (Flyball, 9D, EV 90.0 MPH), Distance : 333 ft
Batting: LHB Gabriel Obregón 0-0: Ball
1-0: Called Strike
1-1: Swinging Strike
1-2: Ball
2-2: Ball
3-2: Foul Ball, location: 2F
3-2: Foul Ball, location: 2F
3-2: Base on Balls
Pinch Hitting: SHB Tomás Gálvez 0-0: Called Strike
0-1: SINGLE (Groundball, 4D, EV 107.5 MPH)
Gabriel Obregón to second
Batting: LHB Jorge Agramunt 0-0: Called Strike
0-1: Foul Ball, location: 2F
0-2: Fly out, F8 (Flyball, 8LS, EV 83.1 MPH)
Batting: RHB Madhavacharta Bhavalakar 0-0: Called Strike
0-1: Fielders Choice at 2nd, 6-4 (Groundball, 6, EV 76.2 MPH)
Top of the 9th over - 2 runs, 3 hits, 0 errors, 2 left on base; Ft. Polk South 15 - Olympia 5
BOTTOM OF THE 9TH
Olympia Ogres batting - Pitching for Ft. Polk South Thunder Hawks : RHP Sean Kennedy
Now in RF: Tomás Gálvez
Batting: RHB Claudio Vargas 0-0: Called Strike
0-1: Ball
1-1: Foul Ball, location: 2F
1-2: Strikes out swinging
Batting: RHB Kunimatsu Nishimura 0-0: Called Strike
0-1: Swinging Strike
0-2: Foul Ball, location: 2F
0-2: Ball
1-2: Ground out 4-3 (Groundball, 4, EV 97.5 MPH)
Batting: LHB David Walker 0-0: Called Strike
0-1: Swinging Strike
0-2: Strikes out swinging
Bottom of the 9th over - 0 runs, 0 hits, 0 errors, 0 left on base; Ft. Polk South 15 - Olympia 5
Friday, March 26th, 2021 - OOTP Baseball 20.8 Build 74